 Dungeon Crawl Stone Soup version 0.20-a0-1124-g2e29d97 (webtiles) character file.

175 MydosGodOfBeginnings the Covert (level 5, -3/26 HPs)
             Began as a Spriggan Assassin on May 16, 2017.
             Killed from afar by an orc wizard (6 damage)
             ... with a magic dart
             ... on level 3 of the Dungeon.
             The game lasted 00:07:45 (1728 turns).

MydosGodOfBeginnings the Covert (Spriggan Assassin) Turns: 1728, Time: 00:07:48

Health: -3/26      AC:  3    Str:  8    XL:     5   Next: 29%
Magic:  6/6        EV: 18    Int: 12    God:
Gold:   121        SH:  0    Dex: 18    Spells: 4/4 levels left

rFire    . . .     SeeInvis +   b - +0 blowgun
rCold    . . .     Gourm    .   (shield restricted)
rNeg     . . .     Faith    .   c - +0 robe
rPois    .         Spirit   .   (helmet restricted)
rElec    .         Reflect  .   d - +0 cloak
rCorr    .         Harm     .   (gloves unavailable)
MR       .....                  (boots unavailable)
Stlth    ++++......             (no amulet)
Regen    0.1/turn               (no ring)
MPRegen  0.1/turn               (no ring)

@: very quick
A: unfitting armour, see invisible, herbivore 3, speed 3, slow metabolism 2
a: no special abilities


You were on level 3 of the Dungeon.
You were not hungry.

You visited 1 branch of the dungeon, and saw 3 of its levels.

You collected 121 gold pieces.

Inventory:

Hand Weapons
 a - a +2 dagger
 b - a +0 blowgun (weapon)
 j - a +0 dagger of venom
Missiles
 e - 3 poisoned needles (quivered)
 f - 2 curare-tipped needles
Armour
 c - a +0 robe (worn)
 d - a +0 cloak (worn)
Scrolls
 h - 2 scrolls of teleportation {unknown}
 k - a scroll of remove curse {unknown}
 l - 2 scrolls of enchant armour {unknown}
 m - 2 scrolls of identify {unknown}
 n - a scroll of blinking {unknown}
 o - a scroll of fear {unknown}
 p - a scroll of recharging {unknown}
Potions
 i - 3 potions of curing {unknown}
 q - a potion of cancellation {unknown}
 r - a potion of berserk rage {unknown}
 s - a potion of agility {unknown}
Comestibles
 g - a bread ration


   Skills:
 * Level 1.9 Fighting
 * Level 3.3 Short Blades
 * Level 2.8 Throwing
 * Level 3.0 Dodging
 + Level 8.0 Stealth


You had 4 spell levels left.
You didn't know any spells.

Dungeon Overview and Level Annotations

Branches:
Dungeon (3/15)

Altars:


Innate Abilities, Weirdness & Mutations

You are very small and have problems with some larger weapons.
You are too small for most types of armour.
You have supernaturally acute eyesight. (SInv)
You are a herbivore.
You cover ground extremely quickly.
You need consume almost no food.


Message History

Firing (i - inventory. (,) - cycle):
e - 5 poisoned needles (quivered)
Press: ? - help, Shift-Dir - straight line, f/p - orc wizard
Aim: an orc wizard, wielding a dagger and wearing a robe (severely wounded, poisoned)
You shoot a poisoned needle.
The poisoned needle hits the orc wizard.
The orc wizard looks as sick as possible!
The orc wizard is severely wounded.
The orc wizard casts a spell at you. The puff of flame hits you!
* * * LOW HITPOINT WARNING * * *
Firing (i - inventory. (,) - cycle):
e - 4 poisoned needles (quivered)
Press: ? - help, Shift-Dir - straight line, f/p - orc wizard
Aim: an orc wizard, wielding a dagger and wearing a robe (almost dead, poisoned)
You shoot a poisoned needle.
The poisoned needle hits the orc wizard.
The orc wizard looks as sick as possible!
The orc wizard is almost dead.
The orc wizard casts a spell at you. The magic dart hits you!
You die...

#.# #.# #.# #(# #.#
#l# ## #o# ..## #.#
....# #@# ..(..#
#.# #....## #.#
#...#### #)#
#...[[#### #.#
##<)#....###.####
#.....####........#
####### ##.......#
#.......#


You could see an orc wizard and a frilled lizard.

Vanquished Creatures
  A bullfrog (D:2)
  An orc wizard (D:3)
  2 adders (D:2)
  An ooze (D:1)
  3 worms (D:2)
  A dart slug (D:1)
  A leopard gecko (D:2)
  4 orcs (D:3)
  3 bats
  3 giant cockroaches (D:1)
  5 goblins
  3 hobgoblins (D:1)
  A quokka (D:2)
  A ball python (D:2)
  4 frilled lizards
  6 kobolds
  3 rats
43 creatures vanquished.

Notes
Turn   | Place    | Note
-------+----------+-------------------------------------------
     0 | D:1      | MydosGodOfBeginnings the Spriggan Assassin began the quest for the Orb.
     0 | D:1      | Reached XP level 1. HP: 10/10 MP: 2/2
    11 | D:1      | Reached skill level 6 in Stealth
   262 | D:1      | Reached XP level 2. HP: 14/14 MP: 3/3
   845 | D:2      | Reached XP level 3. HP: 18/18 MP: 4/4
   905 | D:2      | Reached skill level 7 in Stealth
  1327 | D:2      | Reached XP level 4. HP: 17/22 MP: 5/5
  1442 | D:3      | Noticed a bullfrog
  1471 | D:2      | Killed a bullfrog
  1471 | D:2      | Reached XP level 5. HP: 13/26 MP: 6/6
  1692 | D:3      | Reached skill level 8 in Stealth
  1728 | D:3      | Killed from afar by an orc wizard

Vault maps used:
D:1:      moated_graveyard_arrival
D:3:      uniq_sigmund

Skill      XL: |  1  2  3  4  5 |
---------------+----------------+-----
Stealth        | 6 7 8 |  8.0
Dodging        | 2 3 |  3.0
Short Blades   | 3 |  3.3
Fighting       | |  1.9
Throwing       | |  2.8

Action                   |  1- 3 |  4- 6 || total
-------------------------+-------+-------++-------
Melee: Dagger            |   107 |    26 ||   133
 Fire: Blowgun           |     4 |     5 ||     9
 Stab: Sleeping          |    16 |     2 ||    18
Armor: Robe              |    13 |     2 ||    15
Dodge: Dodged            |    74 |    16 ||    90
